 Dungeon Sprint DCSS version 0.30-a0-800-g7c544603b3 (webtiles) character file.

Game seed: 5522208121134779201

640 BigDaddyOpFi the Fighter (level 7, 0/63 HPs)
             Began as a Demonspawn Fighter on Feb 21, 2023.
             Was an Elder of Wu Jian.
             Succumbed to a green ugly thing's poison
             ... in the Dungeon (Sprint VII: "The Pits").
             The game lasted 00:01:22 (459 turns).

BigDaddyOpFi the Fighter (Demonspawn Fighter)        Turns: 459, Time: 00:01:22

Health: 0/63       AC: 11    Str: 18    XL:     7   Next: 26%
Magic:  7/7        EV: 10    Int: 10    God:    Wu Jian [****..]
Gold:   0          SH:  6    Dex: 12    Spells: 6/6 levels left

rFire   . . .      SeeInvis .    a - +0 war axe
rCold   . . .      Faith    .    c - +0 buckler
rNeg    . . .      Spirit   .    f - +3 ring mail
rPois   .          Reflect  .    (helmet restricted)
rElec   .          Harm     .    (no cloak)
rCorr   .          Rampage  .    (no gloves)
Will    .....      NoTele   +    (no boots)
Stlth   +                        (no amulet)
HPRegen 0.30/turn                (no ring)
MPRegen 0.10/turn                (no ring)

@: lethally poisoned (0 -> -20), on berserk cooldown, slowed, very slow
A: antennae 1, sharp scales 2, demonic magic 1
a: Renounce Religion, Wall Jump, Serpent's Lash


You were in the Dungeon.
You worshipped Wu Jian.
Wu Jian was greatly pleased with you.
You visited 1 branch

Inventory:

Hand Weapons
 a - a +0 war axe (weapon)
Armour
 c - a +0 buckler (worn)
 f - a +3 ring mail (worn)
Scrolls
 j - a scroll of blinking
Potions
 d - a potion of might
 e - 2 potions of invisibility
 g - a potion of haste
 h - 4 potions of magic
 i - a potion of berserk rage
 k - 5 potions of curing
 l - 5 potions of heal wounds


   Skills:
 + Level 8.5 Fighting
 + Level 7.5 Axes
 + Level 7.8 Armour
 + Level 7.8 Shields


You had 6 spell levels left.
You didn't know any spells.
Your spell library was empty.

Dungeon Overview and Level Annotations

Branches:
Dungeon (1/1)

Altars:
Ashenzari
Cheibriados
Dithmenos
Fedhas
Gozag
Hepliaklqana
Kikubaaqudgha
Makhleb
Nemelex Xobeh
Okawaru
Qazlal
Ru
Sif Muna
Trog
Uskayaw
Vehumet
Wu Jian
Xom
Yredelemnul
Jiyva
Lugonu


Innate Abilities, Weirdness & Mutations

You have a pair of small antennae on your head.
You are mostly covered in razor-sharp scales. (AC +2, Slay +2)
Spells you cast may paralyse adjacent enemies.


Message History

The green ugly thing stings you but does no damage.
You barely miss the green ugly thing.
The green ugly thing is severely wounded.
You feel very sick.
The green ugly thing stings you but does no damage.
You hit the green ugly thing.
The green ugly thing is severely wounded.
You feel very sick.
The green ugly thing stings you but does no damage.
You hit the green ugly thing.
The green ugly thing is almost dead.
You feel sick. The green ugly thing stings you!
You are lethally poisoned!
The green ugly thing poisons you!
You slash the green ugly thing!
The green ugly thing is almost dead.
* * * LOW HITPOINT WARNING * * *
You feel extremely sick.
You slash the green ugly thing!
You kill the green ugly thing!
The Council accepts your kill.
* * * LOW HITPOINT WARNING * * *
You feel very sick.
Your Fighting skill gained 2 levels and is now at level 8!
Your Axes skill gained 2 levels and is now at level 7!
Your Armour skill increases to level 7!
Your Shields skill increases to level 7!
You have reached level 6!
You have reached level 7!
Your demonic ancestry asserts itself...
Sharp scales spread over more of your body.
* * * LOW HITPOINT WARNING * * *
You feel very sick.
You feel a strong urge to attack something.
* * * LOW HITPOINT WARNING * * *
You feel very sick.
You are no longer berserk.
You are exhausted.
You feel yourself slow down.
You die...

#.#........##.......#
#†###########.......#
#.......# #########
#.......#{ #...#...#{
#..###..#+#
#...#...#.+
#.......#'#
#.......÷@#
###########


There were no monsters in sight!

Vanquished Creatures
  An ugly thing (D)
  A necrophage (D)
  2 scorpions (D)
  An iron imp (D)
  2 mummies (D)
  An adder (D)
  A white imp (D)
  A ball python (D)
  A bat (D)
  A giant cockroach (D)
  2 jackals (D)
  2 frilled lizards (D)
  A giant cockroach zombie (D)
  A rat (D)
18 creatures vanquished.

Notes
Turn   | Place    | Note
-------+----------+-------------------------------------------
     0 | D        | BigDaddyOpFi the Demonspawn Fighter began the quest for the
                  | Orb.
     0 | D        | Reached XP level 1. HP: 18/18 MP: 1/1
     9 | D        | Noticed a scorpion
    26 | D        | Killed a scorpion
    27 | D        | Reached skill level 4 in Fighting
    27 | D        | Gained mutation: Spells you cast may paralyse adjacent
                  | enemies. [demonic ancestry]
    27 | D        | Reached XP level 2. HP: 16/26 MP: 2/2
    27 | D        | Reached XP level 3. HP: 20/31 MP: 3/3
    31 | D        | Found a bloodstained altar of Trog.
    31 | D        | Found a shimmering blue altar of Sif Muna.
    31 | D        | Found a viscous altar of Jiyva.
    31 | D        | Found a hazy altar of Hepliaklqana.
    31 | D        | Found an opulent altar of Gozag.
    32 | D        | Found a basalt altar of Yredelemnul.
    32 | D        | Found a shimmering altar of Xom.
    32 | D        | Found an ornate altar of the Wu Jian Council.
    32 | D        | Found a sacrificial altar of Ru.
    32 | D        | Found a stormy altar of Qazlal.
    32 | D        | Found an iron altar of Okawaru.
    32 | D        | Found a sparkling altar of Nemelex Xobeh.
    32 | D        | Found a burning altar of Makhleb.
    32 | D        | Found a blossoming altar of Fedhas.
    32 | D        | Found a shadowy altar of Dithmenos.
    32 | D        | Found a snail-covered altar of Cheibriados.
    33 | D        | Found a radiant altar of Vehumet.
    33 | D        | Found a corrupted altar of Lugonu.
    34 | D        | Found an ancient bone altar of Kikubaaqudgha.
    34 | D        | Found a hide-covered altar of Uskayaw.
    34 | D        | Found a broken altar of Ashenzari.
    43 | D        | Became a worshipper of the Wu Jian Council
    81 | D        | Reached * piety under Wu Jian
    83 | D        | Gained mutation: You are partially covered in razor-sharp
                  | scales. (AC +1, Slay +1) [demonic ancestry]
    83 | D        | Reached XP level 4. HP: 37/38 MP: 4/4
    87 | D        | Reached ** piety under Wu Jian
    96 | D        | Reached skill level 5 in Fighting
   156 | D        | Noticed a scorpion
   163 | D        | Reached *** piety under Wu Jian
   167 | D        | Killed a scorpion
   168 | D        | Reached skill level 5 in Axes
   168 | D        | Reached skill level 5 in Armour
   168 | D        | Reached skill level 5 in Shields
   168 | D        | Gained mutation: You have a pair of small antennae on your
                  | head. [demonic ancestry]
   168 | D        | Reached XP level 5. HP: 46/46 MP: 5/5
   174 | D        | Reached **** piety under Wu Jian
   175 | D        | Reached skill level 6 in Fighting
   443 | D        | Noticed a green ugly thing
   456 | D        | Killed a green ugly thing
   457 | D        | Reached skill level 8 in Fighting
   457 | D        | Reached XP level 6. HP: 12/57 MP: 6/6
   457 | D        | Gained mutation: You are mostly covered in razor-sharp
                  | scales. (AC +2, Slay +2) [demonic ancestry]
   457 | D        | Reached XP level 7. HP: 13/63 MP: 7/7
   459 | D        | Succumbed to a green ugly thing's poison

Illustrated notes

Levels and vault maps discovered:
D:        pitsprint [storerooms_1, entrance_room_1, metal_vault_6, armoury_2,
          mini_pit_1, grid_room_1, main_hall_1, silver_pit, the_coven_1,
          the_vestibule_1, steel_vault_4, golden_pit, hallway_of_sentries,
          crystal_vault_1, iron_vault_1, final_vault]

Skill      XL: |  1  2  3  4  5 |
---------------+----------------+-----
Fighting       | 4 5 8 |  8.5
Axes           | 3 5 7 |  7.5
Armour         | 4 5 7 |  7.8
Shields        | 4 5 7 |  7.8

Action                     |  1- 3 |  4- 6 |  7- 9 || total
---------------------------+-------+-------+-------++-------
  Melee: War axe           |    20 |    50 |       ||    70
Ability: Whirlwind         |       |     2 |       ||     2
         Lunge             |       |     1 |       ||     1
    Use: Potion            |     2 |     2 |       ||     4
 Armour: Scale mail        |    14 |     2 |       ||    16
         Ring mail         |       |     9 |       ||     9
  Dodge: Dodged            |    14 |    18 |       ||    32
  Block: Buckler           |     4 |     8 |       ||    12

Table legend: (Time is in decaauts)
 A = Elapsed time spent in this place.
 B = Non-inter-level travel time spent in this place.
 C = Inter-level travel time spent in this place.
 D = Time resting spent in this place.
 E = Time spent auto-exploring this place.
 F = Levels seen in this place.
 G = Mean time per level.
                   A        B        C        D        E       F      G
               +--------+--------+--------+--------+--------+-----+--------+
         Total |    480 |    460 |     20 |    245 |      0 |   1 |  480.0 |
       Dungeon |    480 |    460 |     20 |    245 |      0 |   1 |  480.0 |
               +--------+--------+--------+--------+--------+-----+--------+

Top non-repeatable levels by time:
       D: 480 daAuts
